 Dungeon Crawl Stone Soup version 0.28.0-53-g5a82cb258f (webtiles) character file.

Game seed: 12925955835337041000

116 NotreDorf the Stinger (level 5, -1/38 HPs)
             Began as a Merfolk Venom Mage on Aug 2, 2022.
             Succumbed to a scorpion's poison
             ... on level 4 of the Dungeon.
             The game lasted 00:13:13 (4318 turns).

NotreDorf the Stinger (Merfolk Venom Mage)          Turns: 4318, Time: 00:13:13

Health: -1/38      AC:  2    Str:  8    XL:     5   Next: 0%
Magic:  6/9        EV: 13    Int: 17    God:
Gold:   45         SH:  0    Dex: 14    Spells: 3/9 levels left

rFire   . . .      SeeInvis .   n - +0 spear
rCold   . . .      Faith    .   (no shield)
rNeg    . . .      Spirit   .   a - +0 robe
rPois   .          Reflect  .   (no helmet)
rElec   .          Harm     .   (no cloak)
rCorr   .          Rampage  .   (no gloves)
Will    .....                   (no boots)
Stlth   ++........              (no amulet)
HPRegen 0.12/turn               (no ring)
MPRegen 0.11/turn               (no ring)

@: lethally poisoned (-1 -> -19)
A: (nimble swimmer 2), mertail
a: no special abilities


You were on level 4 of the Dungeon.
You visited 1 branch of the dungeon, and saw 4 of its levels.

You collected 105 gold pieces.
You spent 60 gold pieces at shops.

Inventory:

Hand Weapons
 c - a +0 dagger
 g - a +0 short sword
 i - a +0 quarterstaff
 n - a +0 spear (weapon)
Missiles
 o - 4 poisoned darts
Armour
 a - a +0 robe (worn)
 h - a +0 leather armour
Wands
 l - a wand of paralysis (14)
Scrolls
 b - a scroll of teleportation {unknown}
 d - 6 scrolls of identify {unknown}
 e - a scroll of enchant weapon {unknown}
 k - a scroll of torment {unknown}
 m - a scroll of immolation {unknown}
Potions
 f - a potion of berserk rage {unknown}
 j - a potion of cancellation


   Skills:
 + Level 1.9 Fighting
 + Level 1.0 Polearms
 + Level 3.7 Dodging
 - Level 2.1 Stealth
 + Level 2.6 Spellcasting
 - Level 2.2 Transmutations
 + Level 0.5 Air Magic
 + Level 4.0 Poison Magic


You had 3 spell levels left.
You knew the following spells:

 Your Spells              Type           Power      Damage    Failure   Level
a - Sting                 Tmut/Pois      52%        1d5       4%          1
b - Poisonous Vapours     Pois/Air       20%        N/A       11%         2
c - Mephitic Cloud        Conj/Pois/Air  7%         N/A       28%         3

Your spell library contained the following spells:

 Spells                   Type           Power      Damage    Failure   Level
 Olgreb's Toxic Radiance  Pois           16%        N/A       34%         4


Dungeon Overview and Level Annotations

Branches:
Dungeon (4/15)
 Temple: D:4-7

Altars:
The Shining One

Shops:
D:2 (


Innate Abilities, Weirdness & Mutations

((You are very nimble when in or above water. (Stealth+, EV+, Speed+++)))
Your lower body shifts to a powerful aquatic tail in water.


Message History

Confirm with . or Enter, or press ? or * to list all spells.
Aiming: Sting (safe; 5% risk of failure)
Press: ? - help, Shift-Dir - straight line, f - scorpion
Aim: a scorpion (71% to hit)
The sting hits the scorpion but does no damage.
The scorpion is poisoned.
The scorpion closely misses you.
You hit the scorpion but do no damage.
The scorpion is moderately wounded.
The scorpion stings you!
Casting: Sting (safe; 5% risk of failure)
Confirm with . or Enter, or press ? or * to list all spells.
Aiming: Sting (safe; 5% risk of failure)
Press: ? - help, Shift-Dir - straight line, f/p - scorpion
Aim: a scorpion (heavily wounded, poisoned, 71% to hit)
The sting misses the scorpion.
The sting hits the orc.
The orc is poisoned.
The orc is severely wounded.
The scorpion completely misses you.
Casting: Sting (safe; 5% risk of failure)
Confirm with . or Enter, or press ? or * to list all spells.
Aiming: Sting (safe; 5% risk of failure)
Press: ? - help, Shift-Dir - straight line, f/p - scorpion
Aim: a scorpion (severely wounded, poisoned, 71% to hit)
The sting misses the scorpion.
The sting misses the orc.
The scorpion looks more healthy.
The scorpion stings you!
You are poisoned.
The scorpion poisons you!
You feel very sick. The scorpion stings you.
* * * LOW HITPOINT WARNING * * *
You are more poisoned.
The scorpion poisons you!
* * * LOW HITPOINT WARNING * * *
You feel very sick.
You kill the orc!
Your Polearms skill increases to level 1!
You have reached level 5!
You feel clever.
It was a potion of cancellation.
You feel magically purged.
You die...

#(#..# #.# .# #[#..#####.
#.##.### #.# .## #..........
#.#.. .. ... ..# ###...####
#.#.# #.##.##..# #.....# #.#.#
#<[#.#.#.####
##.....#######.#.###............
#.....>..<..............#.#.....
#................#####........J.
#.........####.@s.)......#......
####.[.#### ##..#######.[......
#...# #..#.............. #...#
#..#.#####.....#.# ##### #..#
####..# #... ..# #.## .?.. #..
.## .#


You could see a scorpion.

Vanquished Creatures
  2 adders
  2 worms (D:3)
  3 dart slugs
  7 orcs
  12 endoplasms
  A giant cockroach (D:3)
  9 goblins
  8 hobgoblins
  4 jackals (D:1)
  4 kobolds
  2 quokkas (D:1)
  7 ball pythons
  4 bats
  5 rats
70 creatures vanquished.

Notes
Turn   | Place    | Note
-------+----------+-------------------------------------------
     0 | D:1      | NotreDorf the Merfolk Venom Mage began the quest for the
                  | Orb.
     0 | D:1      | Reached XP level 1. HP: 13/13 MP: 3/3
   588 | D:1      | Reached XP level 2. HP: 20/20 MP: 1/5
  1078 | D:1      | Reached skill level 1 in Fighting
  1081 | D:1      | Reached XP level 3. HP: 19/26 MP: 1/6
  1635 | D:2      | Learned a level 2 spell: Poisonous Vapours
  1639 | D:2      | Learned a level 3 spell: Mephitic Cloud
  1816 | D:2      | Found a faded altar of an unknown god.
  2460 | D:2      | Reached XP level 4. HP: 32/32 MP: 5/7
  2558 | D:2      | Found Axesom's Antique Weapon Shop.
  2569 | D:2      | Bought a spear for 60 gold pieces
  3286 | D:3      | Reached skill level 4 in Poison Magic
  3365 | D:3      | Found a glowing golden altar of the Shining One.
  4301 | D:4      | Noticed a scorpion
  4318 | D:4      | Reached skill level 1 in Polearms
  4318 | D:4      | Reached XP level 5. HP: 3/38 MP: 6/9
  4318 | D:4      | Succumbed to a scorpion's poison

Illustrated notes

Levels and vault maps discovered:
D:1:      shiori_arrival_elements, layout_loops_corners,
          minmay_misc_feat_columns
D:2:      layout_loops_cross, ebering_ecumenical_altar_sacrificial,
          serial_shops, nicolae_lakefront_shop, kennysheep_generic_room_11
D:3:      minmay_inner_zag, layout_loops_ring, nicolae_overflow_hidden_temple,
          hangedman_decor_push
D:4:      layout_loops_ring, minmay_temple_entry_statues_pillars,
          minmay_hedge_maze

Skill      XL: |  1  2  3  4 |
---------------+-------------+-----
Dodging        | 3 |  3.7
Transmutations | 2 |  2.2
Fighting       | 1 |  1.9
Poison Magic   | 4 |  4.0
Polearms       | 1 |  1.0
Stealth        | |  2.1
Spellcasting   | |  2.6
Air Magic      | |  0.5

Action                   |  1- 3 |  4- 6 || total
-------------------------+-------+-------++-------
Melee: Dagger            |    22 |       ||    22
       Quarterstaff      |    31 |     1 ||    32
       Short sword       |     3 |       ||     3
       Spear             |       |    58 ||    58
       Punch             |       |     1 ||     1
 Cast: Sting             |    44 |    33 ||    77
       Poisonous Vapours |       |     1 ||     1
  Use: Potion            |       |     1 ||     1
 Stab: Sleeping          |       |     1 ||     1
Armor: Robe              |    14 |     4 ||    18
Dodge: Dodged            |    39 |    30 ||    69
